 Dungeon Crawl Stone Soup version 0.28.0-47-ge53b351184 (webtiles) character file.

Game seed: 1745203428426834699

1343 Bruhh the Insei (level 8, 0/61 HPs)
             Began as a Gnoll Transmuter on Apr 28, 2022.
             Slain by a killer bee zombie (3 damage)
             ... on level 6 of the Dungeon.
             The game lasted 00:09:06 (5989 turns).

Bruhh the Insei (Gnoll Transmuter)                  Turns: 5989, Time: 00:09:07

Health: 0/61       AC:  2    Str:  9    XL:     8   Next: 62%
Magic:  14/17      EV: 23    Int: 16    God:
Gold:   105        SH:  0    Dex: 17    Spells: 13/19 levels left

rFire   . . .      SeeInvis .     - Unarmed
rCold   . . .      Faith    .   (shield currently unavailable)
rNeg    . . .      Spirit   .   (armour currently unavailable)
rPois   x          Reflect  .   (helmet currently unavailable)
rElec   .          Harm     .   (cloak currently unavailable)
rCorr   .          Rampage  .   (gloves currently unavailable)
Will    .....                   (boots currently unavailable)
Stlth   +++.......              (no amulet)
HPRegen 0.20/turn               (no ring)
MPRegen 0.15/turn               (no ring)

@: spider-form (expiring), mesmerised
A: venomous fangs, tiny, (fangs 1), strong nose, distributed training
a: End Transformation


You were on level 6 of the Dungeon.
You were a venomous arachnid creature.
You visited 1 branch of the dungeon, and saw 6 of its levels.

You collected 345 gold pieces.
You spent 240 gold pieces at shops.

Inventory:

Armour
 a - a +0 robe (melded)
Jewellery
 o - a ring of protection from cold
Wands
 r - a wand of mindburst (6)
Scrolls
 c - 2 scrolls of magic mapping {unknown}
 d - 2 scrolls of brand weapon {unknown}
 f - 2 scrolls of identify {unknown}
 h - a scroll of fog {unknown}
 i - a scroll of enchant armour {unknown}
 m - 3 scrolls of amnesia {unknown}
 n - a scroll of immolation {unknown}
 p - a scroll of vulnerability {unknown}
 q - a scroll of teleportation {unknown}
Potions
 b - a potion of heal wounds {unknown}
 e - a potion of berserk rage {unknown}
 g - a potion of attraction {unknown}
 j - 2 potions of curing
 k - a potion of lignification {unknown}
 l - a potion of ambrosia {unknown}
 s - a potion of cancellation {unknown}


   Skills:
 + Level 4.3 Fighting
 + Level 3.4 Short Blades
 + Level 3.4 Long Blades
 + Level 3.4 Axes
 + Level 3.4 Maces & Flails
 + Level 3.4 Polearms
 + Level 3.4 Staves
 + Level 3.4 Slings
 + Level 3.4 Bows
 + Level 3.4 Crossbows
 + Level 3.4 Throwing
 + Level 3.4 Armour
 + Level 5.8 Dodging
 + Level 3.4 Stealth
 + Level 3.4 Shields
 + Level 7.4 Unarmed Combat
 + Level 6.1 Spellcasting
 + Level 2.8 Conjurations
 + Level 2.8 Hexes
 + Level 2.8 Summonings
 + Level 2.8 Necromancy
 + Level 2.8 Translocations
 + Level 4.8 Transmutations
 + Level 2.8 Fire Magic
 + Level 2.8 Ice Magic
 + Level 2.8 Air Magic
 + Level 2.8 Earth Magic
 + Level 2.8 Poison Magic
 + Level 3.8 Invocations
 + Level 3.4 Evocations


You had 13 spell levels left.
You knew the following spells:

 Your Spells              Type           Power      Damage    Failure   Level
a - Beastly Appendage     Tmut           40%        N/A       8%          1
b - Wereblood             Tmut           20%        N/A       10%         2
c - Spider Form           Tmut/Pois      17%        N/A       22%         3

Your spell library contained the following spells:

 Spells                   Type           Power      Damage    Failure   Level
 Sting                    Tmut/Pois      68%        1d6       10%         1
 Animate Skeleton         Necr           26%        N/A       13%         1
 Apportation              Tloc           26%        N/A       13%         1
 Summon Small Mammal      Summ           52%        N/A       13%         1
 Poisonous Vapours        Pois/Air       26%        N/A       17%         2
 Ignite Poison            Fire/Tmut/Pois 16%        N/A       24%         3
 Conjure Flame            Conj/Fire      13%        6-21      30%         3
 Ice Form                 Ice/Tmut       17%        N/A       50%         4
 Olgreb's Toxic Radiance  Pois           13%        N/A       61%         4
 Sticky Flame             Conj/Fire      13%        2d4       61%         4


Dungeon Overview and Level Annotations

Branches:
Dungeon (6/15)             Temple (0/1) D:6

Altars:
Cheibriados

Shops:
D:5 :

Annotations:
D:3 3 runed translucent doors, Kangaroobicon's ghost, amateur GnBr
D:6 Maggie


Innate Abilities, Weirdness & Mutations

You are a venomous arachnid creature.
You have poisonous fangs.
You are tiny and dextrous.
Your spellcasting is less reliable in this form.
Your armour is entirely melded.
You are incapable of wielding weapons or throwing items.
((You have very sharp teeth.))
Your uncanny sense of smell can sniff out nearby items.
Your experience applies equally to all skills.


Message History

You hit Maggie but do no damage.
Maggie is heavily wounded.
Your transformation has ended.
Your +0 robe unmelds from your body.
The killer bee zombie hits you.
* * * LOW HITPOINT WARNING * * *
Maggie gestures wildly while chanting.
Maggie attempts to bespell you! You resist.
The killer bee zombie closely misses you.
Casting: Spider Form (dangerous; 9% risk of failure)
Confirm with . or Enter, or press ? or * to list all spells.
You turn into a venomous arachnid creature.
Your +0 robe melds into your body.
The killer bee zombie barely misses you.
Maggie misses you.
You barely miss Maggie.
Maggie is severely wounded.
The killer bee zombie hits you but does no damage.
The killer bee zombie closely misses you.
Maggie gestures at you while chanting. The bolt of fire hits you!
* * * LOW HITPOINT WARNING * * *
The killer bee zombie completely misses you.
You see here a book of Vapours.
Maggie casts a spell.
Maggie attempts to bespell you!
You are mesmerised by Maggie!
The killer bee zombie misses you.
There is a staircase to the Ecumenical Temple here.
You hit the killer bee zombie.
The killer bee zombie is moderately damaged.
The killer bee zombie completely misses you.
Maggie casts a spell at you. The bolt of fire misses you.
You hit the killer bee zombie.
The killer bee zombie is moderately damaged.
Your transformation is almost over.
The killer bee zombie hits you.
* * * LOW HITPOINT WARNING * * *
The killer bee zombie hits you.
You die...

...............##
........[..#$..<#### ..
.$........(##......##.>#
...............#.#....##
...............#.......#
........................
<......@:......###.#....
........:Z..............
######...s.....#####....
#..$.)....# ....
########### ###


You could see Maggie (mesmerising, extremely poisoned) and a killer bee zombie.

Vanquished Creatures
  Grinder (D:5)
  Eustachio (D:4)
  2 ogres
  A necrophage (D:4)
  3 centaurs (D:5)
  A bullfrog (D:6)
  A scorpion (D:5)
  A howler monkey (D:5)
  2 hounds
  A centaur skeleton (D:2)
  A gnoll shaman (D:4)
  Jessica (D:2)
  Terence (D:3)
  A hound skeleton (D:4)
  2 adders
  7 gnolls
  A howler monkey skeleton (D:5)
  An adder skeleton (D:4)
  2 worms (D:3)
  3 dart slugs
  4 orcs
  7 ball pythons
  2 bats
  15 endoplasms
  4 giant cockroaches
  10 goblins
  12 hobgoblins
  4 jackals (D:3)
  5 kobolds
  2 quokkas
  2 frilled lizards (D:1)
  4 rats
105 creatures vanquished.

Notes
Turn   | Place    | Note
-------+----------+-------------------------------------------
     0 | D:1      | Bruhh the Gnoll Transmuter began the quest for the Orb.
     0 | D:1      | Reached XP level 1. HP: 17/17 MP: 6/6
   248 | D:1      | Reached XP level 2. HP: 22/23 MP: 5/7
   991 | D:1      | Reached XP level 3. HP: 28/28 MP: 7/9
  1114 | D:2      | Reached skill level 5 in Spellcasting
  1396 | D:1      | Reached skill level 1 in Invocations
  1733 | D:2      | Learned a level 2 spell: Wereblood
  1737 | D:2      | Learned a level 3 spell: Spider Form
  1805 | D:2      | Reached skill level 1 in Short Blades
  1805 | D:2      | Reached skill level 1 in Long Blades
  1805 | D:2      | Reached skill level 1 in Axes
  1805 | D:2      | Reached skill level 1 in Maces & Flails
  1805 | D:2      | Reached skill level 1 in Polearms
  1805 | D:2      | Reached skill level 1 in Staves
  1805 | D:2      | Reached skill level 1 in Slings
  1805 | D:2      | Reached skill level 1 in Bows
  1805 | D:2      | Reached skill level 1 in Crossbows
  1805 | D:2      | Reached skill level 1 in Throwing
  1805 | D:2      | Reached skill level 1 in Armour
  1805 | D:2      | Reached skill level 1 in Stealth
  1805 | D:2      | Reached skill level 1 in Shields
  1805 | D:2      | Reached skill level 1 in Evocations
  1899 | D:2      | Reached XP level 4. HP: 29/34 MP: 9/11
  2141 | D:2      | Noticed Jessica
  2148 | D:2      | Killed Jessica
  2149 | D:2      | Reached skill level 1 in Conjurations
  2149 | D:2      | Reached skill level 1 in Hexes
  2149 | D:2      | Reached skill level 1 in Summonings
  2149 | D:2      | Reached skill level 1 in Necromancy
  2149 | D:2      | Reached skill level 1 in Translocations
  2149 | D:2      | Reached skill level 1 in Fire Magic
  2149 | D:2      | Reached skill level 1 in Ice Magic
  2149 | D:2      | Reached skill level 1 in Air Magic
  2149 | D:2      | Reached skill level 1 in Earth Magic
  2149 | D:2      | Reached skill level 1 in Poison Magic
  2505 | D:2      | Reached XP level 5. HP: 36/40 MP: 8/12
  2903 | D:3      | Noticed Terence
  2918 | D:3      | Killed Terence
  3110 | D:3      | Found a runed translucent gate.
  3111 | D:3      | Found a runed translucent gate.
  3111 | D:3      | Noticed Kangaroobicon's ghost (amateur GnBr)
  3112 | D:3      | Found a runed translucent gate.
  3113 | D:3      | Noticed a kobold brigand
  3182 | D:3      | Found a snail-covered altar of Cheibriados.
  3594 | D:4      | Noticed Eustachio
  3595 | D:4      | Noticed an ogre
  3634 | D:4      | Killed an ogre
  3635 | D:4      | Reached XP level 6. HP: 37/47 MP: 11/14
  3914 | D:4      | Killed Eustachio
  3915 | D:4      | Reached skill level 5 in Dodging
  4042 | D:4      | Reached XP level 7. HP: 46/52 MP: 13/15
  4266 | D:4      | Reached skill level 7 in Unarmed Combat
  4886 | D:5      | Entered Level 5 of the Dungeon
  5173 | D:5      | Reached XP level 8. HP: 54/60 MP: 13/16
  5344 | D:5      | Found Cagaih's Book Shoppe.
  5353 | D:5      | Bought a Young Poisoner's Handbook for 240 gold pieces
  5611 | D:5      | Noticed Grinder
  5626 | D:5      | Killed Grinder
  5946 | D:6      | Found a staircase to the Ecumenical Temple.
  5964 | D:6      | Noticed Maggie
  5989 | D:6      | HP: 3/61 [killer bee zombie (3)]
  5989 | D:6      | Slain by a killer bee zombie

Illustrated notes

Levels and vault maps discovered:
D:1:      lightli_arrival_chessboard, layout_basic, minmay_misc_feat_chi,
          chequers_serial_rivers_large_a, st_stairs_3
D:2:      layout_basic, guppyfry_early_orc_mine, uniq_jessica
D:3:      layout_loops_ring, marbit_many_paths, gammafunk_ghost_nasty_kobolds,
          dk_vineyard_2, uniq_terence
D:4:      layout_loops_ring, grunt_ministairs_1, uniq_eustachio
D:5:      layout_basic, serial_shops, shop, minmay_quadrilaterals, uniq_grinder
D:6:      lemuel_ice_spiral_2, layout_rooms, minmay_temple_entry_offerings,
          gammafunk_ghost_grave, serial_glass, glass_columns_a, glass_columns_a,
          item_on_display_a, due_unseen_surprise, item_on_display_a, uniq_maggie

Skill      XL: |  1  2  3  4  5  6  7  8 |
---------------+-------------------------+-----
Spellcasting   | 5 6 |  6.1
Invocations    | 1 2 3 |  3.8
Short Blades   | 1 2 3 |  3.4
Long Blades    | 1 2 3 |  3.4
Axes           | 1 2 3 |  3.4
Maces & Flails | 1 2 3 |  3.4
Polearms       | 1 2 3 |  3.4
Staves         | 1 2 3 |  3.4
Slings         | 1 2 3 |  3.4
Bows           | 1 2 3 |  3.4
Crossbows      | 1 2 3 |  3.4
Throwing       | 1 2 3 |  3.4
Armour         | 1 2 3 |  3.4
Stealth        | 1 2 3 |  3.4
Shields        | 1 2 3 |  3.4
Evocations     | 1 2 3 |  3.4
Conjurations   | 1 2 |  2.8
Hexes          | 1 2 |  2.8
Summonings     | 1 2 |  2.8
Necromancy     | 1 2 |  2.8
Translocations | 1 2 |  2.8
Fire Magic     | 1 2 |  2.8
Ice Magic      | 1 2 |  2.8
Air Magic      | 1 2 |  2.8
Earth Magic    | 1 2 |  2.8
Poison Magic   | 1 2 |  2.8
Fighting       | 3 4 |  4.3
Transmutations | 4 |  4.8
Dodging        | 5 |  5.8
Unarmed Combat | 7 |  7.4

Action                   |  1- 3 |  4- 6 |  7- 9 || total
-------------------------+-------+-------+-------++-------
Melee: Unarmed           |    88 |   108 |   117 ||   313
       Kick              |    18 |    13 |       ||    31
       Bite              |     6 |     3 |     1 ||    10
       Headbutt          |     7 |     9 |       ||    16
       Punch             |     5 |     2 |       ||     7
 Cast: Beastly Appendage |    23 |    18 |     5 ||    46
       Spider Form       |     1 |     6 |    15 ||    22
 Stab: Sleeping          |     2 |       |     1 ||     3
       Distracted        |       |     1 |       ||     1
Armor: Robe              |    10 |     4 |     2 ||    16
       Skin              |       |     2 |     5 ||     7
Dodge: Dodged            |    67 |    88 |    96 ||   251
